 Dungeon Crawl Stone Soup version 0.21-a0-641-geef9d7f (webtiles) character file.

276 TheDeThijs the Spear-Bearer (level 6, -2/47 HPs)
             Began as a Merfolk Gladiator on Dec 30, 2017.
             Slain by Crazy Yiuf
             ... wielding a +3 quarterstaff of chaos
              (4 damage)
             ... on level 3 of the Dungeon.
             The game lasted 00:11:09 (2900 turns).

TheDeThijs the Spear-Bearer (Merfolk Gladiator)     Turns: 2900, Time: 00:11:10

Health: -2/47      AC:  5    Str: 16    XL:     6   Next: 25%
Magic:  6/6        EV: 15    Int:  7    God:
Gold:   125        SH:  0    Dex: 16    Spells: 5/5 levels left

rFire    . . .     SeeInvis .   a - +0 trident
rCold    . . .     Gourm    .   (no shield)
rNeg     . . .     Faith    .   b - +1 leather armour
rPois    .         Spirit   .   c - +0 helmet
rElec    .         Reflect  .   (no cloak)
rCorr    .         Harm     .   (no gloves)
MR       +....                  (no boots)
Stlth    ..........             (no amulet)
HPRegen  0.15/turn              i - ring of loudness (curse)
MPRegen  0.10/turn              j - ring of protection from magic

@: no status effects
A: change form in water, swift swim, stealthy swim
a: no special abilities


You were on level 3 of the Dungeon.
You were not hungry.

You visited 1 branch of the dungeon, and saw 3 of its levels.

You collected 125 gold pieces.

Inventory:

Hand Weapons
 a - a +0 trident (weapon)
Missiles
 d - 3 throwing nets
 g - 112 stones (quivered)
Armour
 b - a +1 leather armour (worn)
 c - a +0 helmet (worn)
Jewellery
 i - a cursed ring of loudness (left hand)
 j - a ring of protection from magic (right hand)
Wands
 u - a wand of flame (36)
Scrolls
 l - a scroll of magic mapping
 m - a scroll of fear
 t - 2 scrolls of identify
Potions
 e - a potion of invisibility {unknown}
 h - a potion of magic {unknown}
 n - a potion of brilliance {unknown}
 o - a potion of mutation {unknown}
 q - a potion of degeneration {unknown}
 r - a potion of berserk rage {unknown}
 w - a potion of heal wounds {unknown}
Comestibles
 f - 3 rations


   Skills:
 + Level 3.2 Fighting
 * Level 8.4 Polearms
 - Level 2.0 Throwing
 + Level 5.2 Dodging
 + Level 0.5 Stealth


You had 5 spell levels left.
You didn't know any spells.

Dungeon Overview and Level Annotations

Branches:
Dungeon (3/15)

Altars:
Cheibriados
Fedhas
Qazlal

Annotations:
D:3 Crazy Yiuf


Message History

Crazy Yiuf is moderately wounded.
Crazy Yiuf zaps a wand.
The puff of flame hits you!
You hit Crazy Yiuf.
Crazy Yiuf is heavily wounded.
Crazy Yiuf zaps a wand.
The puff of flame misses you.
You barely miss Crazy Yiuf.
Crazy Yiuf is heavily wounded.
You hit Crazy Yiuf but do no damage.
Crazy Yiuf is heavily wounded.
Crazy Yiuf hits you with a quarterstaff of chaos.
Crazy Yiuf freezes you.
You puncture Crazy Yiuf!
Crazy Yiuf is almost dead.
Crazy Yiuf zaps a wand.
The puff of flame hits you!
You barely miss Crazy Yiuf.
Crazy Yiuf is almost dead.
Crazy Yiuf hits you with a quarterstaff of chaos!
* * * LOW HITPOINT WARNING * * *
Crazy Yiuf freezes you.
You die...

.##........#
#.##.#.###...)..
.###########
#........#.###.. ##
####.#.....# #.. #
#####.######. #
#.......#. #
##.##.#.#. ####♣ **###
##.##.#.#.
#######...♣♣♣ ♣♣#..)#
#.........
............♣♣♣♣@g..(#
#.....#.#.
#######......♣..♣#...#
##.####.#. #####
##....♣.♣♣♣**### #.#
#†#. ....# ###♣♣♣♣♣
#.####.#. ###.##
##.##.....
##<..######## #####
#...#.###.
.)÷#.....##.# #...#
#.#...# #.
##...###.##.# #.###
#...#.###.
##.####[##.# #.#
#.†##.....


You could see Crazy Yiuf.

Vanquished Creatures
  An orc wizard (D:3)
  Jessica (D:3)
  Natasha (twice) (D:3)
  Terence (D:3)
  4 adders
  4 gnolls (D:2)
  2 worms
  A dart slug (D:1)
  2 leopard geckos
  4 orcs (D:3)
  8 bats
  8 goblins
  5 hobgoblins
  6 jackals
  3 kobolds
  6 frilled lizards
  9 rats
67 creatures vanquished.

Notes
Turn   | Place    | Note
-------+----------+-------------------------------------------
     0 | D:1      | TheDeThijs the Merfolk Gladiator began the quest for the Orb.
     0 | D:1      | Reached XP level 1. HP: 16/16 MP: 1/1
    86 | D:1      | Reached XP level 2. HP: 9/23 MP: 2/2
   514 | D:1      | Reached skill level 5 in Polearms
  1077 | D:2      | Reached XP level 3. HP: 28/28 MP: 3/3
  1118 | D:2      | Found a faded altar of an unknown god.
  1122 | D:2      | Found a stormy altar of Qazlal.
  1131 | D:2      | Found a blossoming altar of Fedhas.
  1183 | D:2      | Reached skill level 6 in Polearms
  1183 | D:2      | Reached XP level 4. HP: 24/34 MP: 4/4
  2068 | D:3      | Reached skill level 5 in Dodging
  2104 | D:3      | Noticed an ogre
  2138 | D:3      | Reached XP level 5. HP: 40/40 MP: 5/5
  2169 | D:3      | Noticed Terence
  2193 | D:3      | Killed Terence
  2193 | D:3      | Reached skill level 7 in Polearms
  2477 | D:3      | Found a snail-covered altar of Cheibriados.
  2644 | D:3      | Noticed Jessica
  2657 | D:3      | Killed Jessica
  2708 | D:3      | Reached skill level 8 in Polearms
  2708 | D:3      | Reached XP level 6. HP: 41/47 MP: 6/6
  2797 | D:3      | Noticed Natasha
  2806 | D:3      | Killed Natasha
  2844 | D:3      | Noticed Natasha
  2852 | D:3      | Killed Natasha
  2886 | D:3      | Found a runed door.
  2890 | D:3      | Noticed Crazy Yiuf
  2900 | D:3      | HP: 2/47 [Crazy Yiuf/quarterstaff of chaos (14)]
  2900 | D:3      | Slain by Crazy Yiuf

Vault maps used:
D:1:      roderic_dead_forest
D:2:      grunt_temple_overflow_forces_of_nature,
          chequers_ecumenical_altar_simple, serial_bayou_pond_a,
          kennysheep_cluttered_room
D:3:      cheibriados_altar_1, kennysheep_generic_room_6,
          uniq_crazy_yiuf_cottage, uniq_jessica, uniq_terence, uniq_natasha

Skill      XL: |  1  2  3  4  5 |
---------------+----------------+-----
Polearms       | 5 6 8 |  8.4
Dodging        | 5 |  5.2
Fighting       | 3 |  3.2
Throwing       | |  2.0
Stealth        | |  0.5

Action                   |  1- 3 |  4- 6 || total
-------------------------+-------+-------++-------
Melee: Trident           |    64 |   138 ||   202
Throw: Stone             |    53 |    53 ||   106
  Use: Scroll            |       |     6 ||     6
  Eat: Chunk             |       |     6 ||     6
Armor: Leather armour    |    16 |    12 ||    28
Dodge: Dodged            |    47 |    94 ||   141

Table legend:
 A = Spawn XP
 B = Non-spawn XP
 C = Spawn XP percentage of total XP
 D = Spawn monster count
 E = Non-spawn monster count
 F = Spawn count percentage of total count
 G = Total turns spent on level
                    A         B        C        D         E        F      G
               +---------+---------+-------+---------+---------+-------+---------
         Total |       0 |     395 |   0.0 |       0 |      67 |   0.0 |  2900
               +---------+---------+-------+---------+---------+-------+---------
           D:1 |       0 |      46 |   0.0 |       0 |      18 |   0.0 |  1191
           D:2 |       0 |     113 |   0.0 |       0 |      24 |   0.0 |   925
           D:3 |       0 |     236 |   0.0 |       0 |      25 |   0.0 |   784
               +---------+---------+-------+---------+---------+-------+---------
